 Dungeon Crawl Stone Soup version 0.14.1-10-gba40d31 (webtiles) character file.

163 Ankalagon the Slasher (level 4, -15/35 HPs)
             Began as a Mummy Chaos Knight on May 28, 2014.
             Was a Plaything of Xom.
             Engulfed by a cloud of flame (18 damage)
             ... on Level 3 of the Dungeon.
             The game lasted 00:04:38 (1953 turns).

Ankalagon the Slasher (Mummy Chaos Knight)          Turns: 1953, Time: 00:04:38

HP -15/35        AC  5     Str 15      XL: 4   Next: 26%
MP   4/4         EV  9     Int 11      God: Xom
Gold 77          SH  0     Dex 15      Spells:  0 memorised,  3 levels left

rFire  . . .     SeeInvis .     e - +0 falchion (chaos)
rCold  + . .     Clarity  .     c - +0 ring mail {rF+}
rNeg   + + +     Conserve .     (no shield)
rPois  +         rCorr    .     (no helmet)
rElec  .         rRot     +     (no cloak)
SustAb . .       Spirit   .     (no gloves)
rMut   .         Warding  .     (no boots)
Saprov . . .     Stasis   .     (no amulet)
MR     .....                    (no ring)
                                o - +3 ring of dexterity

@: not resistant to hostile enchantments, very unstealthy
A: no food or potions, fire vulnerability, restore body, cold resistance 1, life
protection 3, poison resistance, torment resistance, unbreathing
a: Renounce Religion


You were on level 3 of the Dungeon.
You worshipped Xom.
You were a toy of Xom.
You were not hungry.

You visited 1 branch of the dungeon, and saw 3 of its levels.

You collected 77 gold pieces.

Inventory:

Hand weapons
 e - a +0,+0 falchion of chaos (weapon)
 i - a cursed -3,-2 short sword
 q - a +0,+0 sling
Missiles
 d - 16 darts (quivered)
 f - 51 stones
 l - 19 bolts of flame
 n - 5 poisoned darts
Armour
 a - a +0 ring mail
 b - a +2 leather armour
 c - a +0 ring mail of fire resistance (worn)
 g - a +0 ring mail
Scrolls
 h - a scroll of fog {unknown}
 j - a scroll of amnesia
 k - 2 scrolls of remove curse
 m - a scroll of random uselessness
Jewellery
 o - a +3 ring of dexterity (left hand)


   Skills:
 - Level 3.0 Fighting
 + Level 4.2 Long Blades
 - Level 1.5 Armour
 - Level 0.7 Dodging


You had 3 spell levels left.
You didn't know any spells.

Dungeon Overview and Level Annotations

Branches:
Dungeon (3/15)

Altars:


Innate Abilities, Weirdness & Mutations

You do not eat or drink.
Your flesh is vulnerable to fire.
Your flesh is cold resistant.
You are immune to negative energy.
Your system is resistant to poisons.
You are immune to unholy pain and torment.
You can survive without breathing.


Message History

Deactivating autopickup; reactivate with Ctrl-A.
Xom thinks this is hilarious!
Something bites you but does no damage.
You completely miss something. Something bites you but does no damage.
Something bites you.
You completely miss something. "Burn, baby, burn!"
Something bites you but does no damage.
You closely miss something. Something bites you.
You barely miss something. Something bites you but does no damage.
You hit something. You burn something. The fiery explosion engulfs you!
Reactivating autopickup.
You feel a bit more experienced.
You are engulfed in roaring flames.
Ouch! That really hurt!
* * * LOW HITPOINT WARNING * * *
You are engulfed in roaring flames.
Your scroll of teleportation catches fire!
Ouch! That really hurt!
You die...
Xom bursts into laughter!

#..............#
#.####......>..###
#########.####.........##.
..........................
.########.########.######.
#.# #.# #. #.# #.# #. ###
#§# #.# ## ..# #@# #.# ..#
#§# #.# ..# #.# ... .<#
#%# ... ..# #.# ....# ..#
#.# ##.## ... ... ... ..#
... #.# .## ...


There were no monsters in sight!

Vanquished Creatures
  3 adders (D:2)
  A giant mite (D:2)
  4 worms
  A giant gecko (D:3)
  An orc (D:2)
  3 giant cockroaches
  3 hobgoblins
  A kobold (D:2)
  4 bats
  2 giant newts
  2 goblins
  6 rats
31 creatures vanquished.

Notes
Turn   | Place    | Note
--------------------------------------------------------------
     0 | D:1      | Ankalagon, the Mummy Chaos Knight, began the quest for the Orb.
     0 | D:1      | Reached XP level 1. HP: 18/18 MP: 1/1
    20 | D:1      | XOM: potion effect (haste)
   372 | D:1      | XOM: divination: detect creatures
   424 | D:1      | XOM: mild Summ miscast
   482 | D:1      | XOM: colour smoke trail
   664 | D:1      | XOM: scenery: 1 doors close
   936 | D:2      | Reached XP level 2. HP: 24/24 MP: 2/2
  1261 | D:2      | Reached XP level 3. HP: 29/29 MP: 3/3
  1301 | D:2      | XOM: harmless Necr miscast
  1323 | D:2      | XOM: noise
  1642 | D:2      | Reached skill level 4 in Long Blades
  1775 | D:2      | Reached XP level 4. HP: 22/35 MP: 4/4
  1949 | D:3      | XOM: inner flame monster(s)
  1953 | D:3      | Engulfed by a cloud of flame

Action                   |  1- 3 |  4- 6 || total
-------------------------+-------+-------++-------
Melee: Falchion          |    71 |    19 ||    90
 Fire: Sling             |    38 |       ||    38
Throw: Dart              |     9 |       ||     9
  Use: Scroll            |     4 |       ||     4
